 Dungeon Crawl Stone Soup version 0.27-a0-1101-ge311f74bc8 (webtiles) character file.

Game seed: 16891631950798448357

145 robertstho the Magician (level 5, -5/52 HPs)
             Began as a Djinni Fire Elementalist on Apr 28, 2021.
             Slain by an orc wizard
             ... wielding a +1 dagger of electrocution
              (16 damage)
             ... on level 3 of the Dungeon.
             The game lasted 00:03:42 (2801 turns).

robertstho the Magician (Djinni Fire Elementalist)  Turns: 2801, Time: 00:03:42

Health: -5/52      AC: 22    Str:  7    XL:     5   Next: 27%
Gold:   88         EV:  2    Int: 17    God:
                   SH:  0    Dex: 14

rFire    . . .     SeeInvis .   e - +0 short sword
rCold    . . .     Faith    .   (no shield)
rNeg     + + +     Spirit   .   (armour currently unavailable)
rPois    ∞         Reflect  .   (helmet currently unavailable)
rElec    .         Harm     .   (cloak currently unavailable)
rCorr    .         Rampage  .   (gloves currently unavailable)
Will     .....     NoTele   +   (boots unavailable)
Stlth    ++........             (no amulet)
HPRegen  0.17/turn              (no ring)
MPRegen  0.00/turn              (no ring)

@: mighty, tree-form
A: stationary, stasis, torment immunity, boosted hp, (fire resistance 2), (cold
vulnerability 1), float, innate caster, hp casting, extra vitality 1
a: no special abilities


You were on level 3 of the Dungeon.
You were a tree.
You visited 1 branch of the dungeon, and saw 3 of its levels.

You collected 88 gold pieces.

Inventory:

Hand Weapons
 e - a +0 short sword (weapon)
Armour
 a - a +0 robe (melded)
Jewellery
 k - an amulet of reflection
Scrolls
 c - a scroll of teleportation {unknown}
 d - 2 scrolls of amnesia {unknown}
 f - a scroll of silence {unknown}
 g - 2 scrolls of identify {unknown}
 h - a scroll of enchant weapon {unknown}
 i - a scroll of fog {unknown}


   Skills:
 + Level 0.1 Short Blades
 + Level 2.5 Dodging
 + Level 2.4 Stealth
 + Level 4.5 Spellcasting


You couldn't memorise any spells.
You knew the following spells:

 Your Spells              Type           Power      Damage    Failure   Level
a - Foxfire               Conj/Fire      76%        2x1d7     2%          1
b - Conjure Flame         Conj/Fire      19%        6-21      7%          3
c - Inner Flame           Hex/Fire       19%        N/A       7%          3
d - Sticky Flame          Conj/Fire      19%        2d4       24%         4
e - Fireball              Conj/Fire      9%         3d6       54%         5
f - Animate Skeleton      Necr           38%        N/A       2%          1
g - Static Discharge      Conj/Air       19%        N/A       3%          2
Your spell library was empty.

Dungeon Overview and Level Annotations

Branches:
Dungeon (3/15)

Altars:

Annotations:
D:3 1 runed translucent door, Crazy Yiuf


Innate Abilities, Weirdness & Mutations

You are a tree.
Your roots penetrate the ground, keeping you stationary.
You cannot be teleported.
You are immune to unholy pain and torment.
Your maximum health is greatly increased.
Your equipment is partially melded.
You are immune to poison.
((Your flesh is very heat resistant. (rF++)))
((You are vulnerable to cold. (rC-)))
You float through the air rather than walking.
You learn spells naturally, not from books.
Your magical power is your life essence.
You have superior vitality. (+4 HP)


Message History

An orc wizard is nearby!
An orc wizard is nearby!
An orc wizard is nearby!
Casting: Foxfire (safe; 2% risk of failure)
Press: ? - help, Q - select action, (/) - cycle Dir - look around, f - activate You conjure some foxfire!
The foxfire hits something but does no damage.
The foxfire hits something.
Casting: Foxfire (safe; 2% risk of failure)
Press: ? - help, Q - select action, (/) - cycle Dir - look around, f - activate You conjure some foxfire!
Something hits you.
You are electrocuted!
The foxfire hits something.
The foxfire hits something but does no damage.
The orc wizard casts a spell at you.
You are confused.
Something hits you.
* * * LOW HITPOINT WARNING * * *
You're too confused to cast spells.
You're too confused to cast spells.
The orc wizard gestures at you while chanting.
The magic dart hits you.
* * * LOW HITPOINT WARNING * * *
Something hits you.
* * * LOW HITPOINT WARNING * * *
It was a potion of curing.
You feel better. Something hits you.
* * * LOW HITPOINT WARNING * * *
It was a potion of lignification.
You turn into a tree.
Your +0 robe melds into your body.
Your roots penetrate the ground.
Something hits you but does no damage.
It was a potion of might.
You feel very mighty all of a sudden.
You hear some strange, mumbled words.
A puff of flame appears from out of thin air!
The puff of flame hits you but does no damage.
You aren't carrying any items that you can evoke.
You barely miss the orc wizard.
The orc wizard hits you but does no damage.
Something hits you but does no damage.
You are electrocuted!
You die...

...##
##########.#
....# #.#
....# #.###
....#
########...#
......
...........#
.......
....#####..#
....#####
#..# ....#
##..# ..###
#♣{.# #o#.#
# #.#[# ..#
#)#.# ..#
#.#.# #...
#)#.# #.#.#
..).#


You could see an orc wizard.

Vanquished Creatures
  An ogre (D:2)
  2 worms (D:2)
  3 dart slugs
  3 orcs (D:3)
  7 bats
  7 endoplasms
  6 hobgoblins
  2 quokkas
  5 ball pythons (D:1)
  3 frilled lizards
  6 goblins
  2 kobolds
  2 rats
49 creatures vanquished.

Vanquished Creatures (others)
  199 foxfires
199 creatures vanquished.

Grand Total: 248 creatures vanquished

Notes
Turn   | Place    | Note
-------+----------+-------------------------------------------
     0 | D:1      | robertstho the Djinni Fire Elementalist began the quest for
                  | the Orb.
     0 | D:1      | Reached XP level 1. HP: 15/15 MP: 0/0
   267 | D:1      | Reached skill level 3 in Spellcasting
   267 | D:1      | Reached XP level 2. HP: 18/21 MP: 0/0
   862 | D:1      | Reached XP level 3. HP: 22/25 MP: 0/0
   862 | D:1      | Learned a level 1 spell: Animate Skeleton
  1468 | D:2      | Noticed an ogre
  1474 | D:2      | Killed an ogre
  1475 | D:2      | Reached skill level 4 in Spellcasting
  1475 | D:2      | Reached XP level 4. HP: 24/31 MP: 0/0
  1542 | D:2      | Noticed a necrophage
  1554 | D:2      | Reached XP level 5. HP: 34/35 MP: 0/0
  1554 | D:2      | Learned a level 2 spell: Static Discharge
  2632 | D:3      | Found a runed translucent door.
  2633 | D:3      | Noticed Crazy Yiuf
  2797 | D:3      | HP: 1/35 [something (2)]
  2801 | D:3      | Slain by an orc wizard

Illustrated notes

Levels and vault maps discovered:
D:1:      zelgadis_glass_arrival_small, layout_basic, chequers_decorated_corner
D:2:      layout_basic, minmay_misc_feat_diagonals, lightli_corner_chamber
D:3:      layout_loops_ring, cheibrodos_ashenzari_chains, serial_shops,
          nicolae_shop_waterfront, uniq_crazy_yiuf_cottage

Skill      XL: |  1  2  3 |
---------------+----------+-----
Spellcasting   | 3 4 |  4.5
Stealth        | 2 |  2.4
Short Blades   | |  0.1
Dodging        | |  2.5

Action                   |  1- 3 |  4- 6 || total
-------------------------+-------+-------++-------
Melee: Short sword       |     5 |     1 ||     6
 Cast: Foxfire           |    61 |    63 ||   124
  Use: Potion            |       |     3 ||     3
Armor: Robe              |     1 |       ||     1
       Skin              |       |     4 ||     4
Dodge: Dodged            |     3 |     1 ||     4

Table legend: (Time is in decaauts)
 A = Elapsed time spent in this place.
 B = Non-inter-level travel time spent in this place.
 C = Inter-level travel time spent in this place.
 D = Time resting spent in this place.
 E = Time spent auto-exploring this place.
 F = Levels seen in this place.
 G = Mean time per level.
                   A        B        C        D        E       F      G
               +--------+--------+--------+--------+--------+-----+--------+
         Total |   2800 |   2762 |     38 |      0 |   2465 |   3 |  933.3 |
       Dungeon |   2800 |   2762 |     38 |      0 |   2465 |   3 |  933.3 |
               +--------+--------+--------+--------+--------+-----+--------+

Top non-repeatable levels by time:
     D:1: 1452 daAuts
     D:2: 1132 daAuts
     D:3: 215 daAuts
